 Dungeon Crawl Stone Soup version 0.32-a0-779-g362cfcae2a (webtiles) character file.

Game seed: 815495237957734270

87 PriceMaster the Grave Robber (level 4, -3/45 HPs)
             Began as a Demonspawn Necromancer on Mar 20, 2024.
             Slain by Grinder (8 damage)
             ... on level 3 of the Dungeon.
             The game lasted 00:04:35 (2281 turns).

PriceMaster the Grave Robber (DsNe)                 Turns: 2281, Time: 00:04:35

Health: -3/45      AC: 22    Str:  8    XL:     4   Next: 28%
Magic:  8/8        EV:  2    Int: 18    God:
Gold:   210        SH:  0    Dex: 19    Spells: 3/8 levels left

rFire   . . .        d - +0 dagger
rCold   . . .        j - orb {light}
rNeg    . . .        a - melded +0 robe
rPois   +            (helmet currently unavailable)
rElec   .            (cloak currently unavailable)
rCorr   .            (gloves currently unavailable)
SInv    .            (boots currently unavailable)
Will    .....        (no amulet)
Stlth   +            b - +6 ring of dexterity
HPRegen 0.27/turn    (no ring)
MPRegen 0.11/turn

%: no passive effects
@: tree-form, attractive, glowing
A: stationary, stasis, torment immunity, boosted hp, (claws 1), powered by pain
1
a: no special abilities


You were on level 3 of the Dungeon.
You were a tree.
You visited 1 branch of the dungeon, and saw 3 of its levels.

You collected 210 gold pieces.

Inventory:

Hand Weapons
 d - a +0 dagger (weapon)
Armour
 a - a +0 robe (melded)
 j - an orb of light (worn)
Jewellery
 b - a +6 ring of dexterity (left branch)
 f - a ring of willpower
 m - an amulet of magic regeneration
Scrolls
 h - a scroll of vulnerability
 n - a scroll of blinking {unknown}
Potions
 o - a potion of magic


   Skills:
 + Level 0.2 Short Blades
 + Level 2.3 Dodging
 + Level 2.1 Stealth
 + Level 2.8 Spellcasting
 + Level 5.3 Necromancy


You had 3 spell levels left.
You knew the following spells:

 Your Spells              Type           Power      Damage    Failure   Level
a - Necrotise             Necr           84%        1d8       1%          1
b - Animate Dead          Necr           21%        N/A       19%         4

Your spell library contained the following spells:

 Spells                   Type           Power      Damage    Failure   Level
 Vampiric Draining        Necr           21%        2d7       5%          3
 Curse of Agony           Necr           21%        N/A       45%         5
 Borgnjor's Vile Clutch   Necr/Erth      6%         N/A       83%         5
 Alistair's Intoxication  Alch           1%         N/A       99%         5
 Eringya's Noxious Bog    Alch           1%         4d6       100%        6


Dungeon Overview and Level Annotations

Branches:
Dungeon (3/15)

Altars:
Hepliaklqana

Annotations:
D:3 Grinder


Innate Abilities, Weirdness & Mutations

You are a tree.
Your roots penetrate the ground, keeping you stationary.
You cannot be teleported.
You are immune to unholy pain and torment.
Your maximum health is greatly increased.
Your equipment is partially melded.
((You have sharp fingernails.))
You sometimes gain a little power by taking damage.


Message History

As you read the scroll of torment, it crumbles to dust.
You feel a surge of unholy energy.
Grinder blinks!
Grinder is attracted toward you.
Unknown command.
You hit Grinder.
Grinder is heavily wounded.
Grinder barely misses you.
You hit Grinder but do no damage.
Grinder is heavily wounded.
Grinder hits you but does no damage.
You cannot move.
You hit Grinder.
Grinder is heavily wounded.
Grinder blinks!
Grinder is attracted toward you.
You aren't carrying any items that you can evoke.
The air fills with toxic fumes!
As you read the scroll of poison, it crumbles to dust.
You hit Grinder but do no damage.
Grinder is heavily wounded.
Grinder hits you but does no damage.
You barely miss Grinder.
Grinder is heavily wounded.
Grinder hits you but does no damage.
You hit Grinder but do no damage.
Grinder is heavily wounded.
Grinder hits you but does no damage.
You hit Grinder but do no damage.
Grinder is heavily wounded.
Grinder hits you but does no damage.
You hit Grinder.
Grinder is severely wounded.
Grinder hits you but does no damage.
You closely miss Grinder.
Grinder is severely wounded.
Grinder hits you but does no damage.
You barely miss Grinder.
Grinder is severely wounded.
Grinder hits you!
You die...
Grinder says, "Now the real fun starts!"

#### §§§§.#### ## ###
##☼§...§§§.... #○§.
☼§○..☼§ .#.## ##
##§#§##§##§# ... .
§§.§§☼§☼§§§# #.# .#
#§☼○.5♣#..######.##.##.
#○#§##☼§☼○§§☼§.........
#..☼§§§§###§#...#
####§#§§§☼......#
#○#####§○....#
#§####.#○#...#
#§§..........#
######.#.#...#
##......###


You could see Grinder.

Vanquished Creatures
  Jessica (D:2)
  2 adders
  A dart slug (D:2)
  An endoplasm (D:1)
  A giant cockroach (D:2)
  6 goblins
  7 hobgoblins
  2 quokkas
  6 bats
  3 frilled lizards
  3 kobolds
  7 rats
40 creatures vanquished.

Vanquished Creatures (collateral kills)
  A goblin (D:2)
  A frilled lizard (D:1)
  A rat (D:1)
3 creatures vanquished.

Grand Total: 43 creatures vanquished

Notes
Turn   | Place    | Note
-------+----------+-------------------------------------------
     0 | D:1      | PriceMaster the Demonspawn Necromancer began the quest for
                  | the Orb.
     0 | D:1      | Reached XP level 1. HP: 13/13 MP: 3/3
   244 | D:1      | Discovered your monstrous ancestry.
   244 | D:1      | Gained mutation: You have sharp fingernails. [demonic
                  | ancestry]
   244 | D:1      | Reached XP level 2. HP: 19/19 MP: 0/5
  1023 | D:2      | Noticed Jessica
  1032 | D:2      | Killed Jessica
  1033 | D:2      | Reached skill level 5 in Necromancy
  1033 | D:2      | Gained mutation: You sometimes gain a little power by
                  | taking damage. [demonic ancestry]
  1033 | D:2      | Reached XP level 3. HP: 14/24 MP: 0/6
  1491 | D:2      | Reached XP level 4. HP: 30/30 MP: 7/7
  2045 | D:3      | Found a hazy altar of Hepliaklqana.
  2180 | D:3      | Learned a level 4 spell: Animate Dead
  2181 | D:3      | Noticed Grinder
  2220 | D:3      | Paralysed by Grinder for 2 turns
  2230 | D:3      | Paralysed by Grinder for 5 turns
  2253 | D:3      | Paralysed by Grinder for 5 turns
  2267 | D:3      | HP: 1/30 [Grinder (1)]
  2281 | D:3      | Slain by Grinder

Illustrated notes

Levels and vault maps discovered:
D:1:      dpeg_arrival_water_fire, layout_basic
D:2:      layout_loops_ring, minmay_tromino_v4_b, uniq_jessica
D:3:      layout_loops_ring, gammafunk_temple_overflow_statue,
          lemuel_blue_sif_altar, minmay_overflow_temple_hex,
          jmf_multi_god_temple2, uniq_grinder

Skill      XL: |  1  2  3  4 |
---------------+-------------+-----
Dodging        | 2 |  2.3
Necromancy     | 5 |  5.3
Stealth        | 2 |  2.1
Short Blades   | |  0.2
Spellcasting   | |  2.8

Action                     |  1- 3 |  4- 6 || total
---------------------------+-------+-------++-------
  Melee: Dagger            |    32 |    53 ||    85
   Cast: Necrotise         |    40 |    10 ||    50
    Use: Potion            |     1 |     5 ||     6
         Scroll            |       |     9 ||     9
   Stab: Sleeping          |     1 |       ||     1
 Armour: Robe              |    39 |    10 ||    49
         Skin              |       |    35 ||    35
  Dodge: Dodged            |    39 |    15 ||    54

Table legend: (Time is in decaauts)
 A = Elapsed time spent in this place.
 B = Non-inter-level travel time spent in this place.
 C = Inter-level travel time spent in this place.
 D = Time resting spent in this place.
 E = Time spent auto-exploring this place.
 F = Levels seen in this place.
 G = Mean time per level.
                   A        B        C        D        E       F      G
               +--------+--------+--------+--------+--------+-----+--------+
         Total |   2279 |   2239 |     40 |     32 |   1836 |   3 |  759.7 |
       Dungeon |   2279 |   2239 |     40 |     32 |   1836 |   3 |  759.7 |
               +--------+--------+--------+--------+--------+-----+--------+

Top non-repeatable levels by time:
     D:1: 1022 daAuts
     D:2: 959 daAuts
     D:3: 297 daAuts
